 Dungeon Crawl Stone Soup version 0.31-a0-986-g5e6e4ef867 (webtiles) character file.

Game seed: 16157375016241423930

9 croobank the Sneak (level 2, -1/21 HPs)
             Began as an Octopode Delver on Nov 9, 2023.
             Shot with an arrow by a centaur (9 damage)
             ... on level 5 of the Dungeon.
             The game lasted 00:00:37 (62 turns).

croobank the Sneak (Octopode Delver)                  Turns: 62, Time: 00:00:38

Health: -1/21      AC:  1    Str: 11    XL:     2   Next: 12%
Magic:  2/2        EV: 13    Int: 12    God:
Gold:   0          SH:  0    Dex: 13    Spells: 1/1 levels left

rFire   . . .        a - +0 short sword
rCold   . . .        (no shield)
rNeg    . . .        (helmet restricted)
rPois   .            (no amulet)
rElec   .            (no ring)
rCorr   .            (no ring)
SInv    .            (no ring)
Will    .....        (no ring)
Stlth   ++++         (no ring)
HPRegen 0.23/turn    (no ring)
MPRegen 0.08/turn    (no ring)
                     (no ring)

%: no passive effects
@: no status effects
A: almost no armour, amphibious, 8 rings, camouflage 1, gelatinous body 1,
(nimble swimmer 1), tentacles
a: no special abilities


You were on level 5 of the Dungeon.
You visited 1 branch of the dungeon, and saw 2 of its levels.

Inventory:

Hand Weapons
 a - a +0 short sword (weapon)
Wands
 f - a wand of digging (3)
Scrolls
 b - a scroll of fog
 c - a scroll of revelation
 g - a scroll of identify {unknown}
Potions
 e - a potion of haste


   Skills:
 + Level 3.1 Fighting
 + Level 2.2 Short Blades
 + Level 2.2 Dodging
 + Level 6.7 Stealth


You had one spell level left.
You didn't know any spells.
Your spell library was empty.

Dungeon Overview and Level Annotations

Branches:
Dungeon (6/15)
 Temple: D:4-7

Altars:

Shops:
D:6 (


Innate Abilities, Weirdness & Mutations

You cannot wear most types of armour.
You are amphibious.
You can wear up to eight rings at the same time.
Your skin changes colour to match your surroundings (Stealth+).
Your rubbery body absorbs attacks. (AC +1, EV +1)
((You are camouflaged when in or above water. (Stealth+)))
You have tentacles for arms and can constrict up to eight enemies at once.


Message History

You kill the adder!
You have reached level 2!
You see here an adder corpse.
Found a scroll labelled RYJOKIAMYDD.
There is an entrance to Tuinytusch's Weapon Shoppe here.
You can access your shopping list by pressing '$'.
A sleepcap comes into view.
You see here a scroll labelled RYJOKIAMYDD.
g - a scroll labelled RYJOKIAMYDD
There is a stone staircase leading down here.
There is a stone staircase leading up here.
You climb upwards.
There is a stone staircase leading down here.
A centaur comes into view.
Found a robe.
The centaur hits you but does no damage.
The centaur misses you.
You barely miss the centaur. The centaur barely misses you.
The centaur closely misses you. The centaur hits you.
The centaur barely misses you.
You hit the centaur.
The centaur is lightly wounded.
The centaur misses you. x2
You barely miss the centaur.
The centaur is lightly wounded.
The centaur closely misses you. The centaur kicks you.
You hit the centaur.
The centaur is moderately wounded.
The centaur hits you. The centaur kicks you. The centaur hits you.
The centaur misses you.
You barely miss the centaur. You squeeze the centaur!
The centaur is heavily wounded.
The centaur hits you.
The centaur kicks you but does no damage.
As you read the scroll of fear, it crumbles to dust.
You assume a fearsome visage.
The centaur looks frightened!
Cornered, the centaur turns to fight!
The centaur wields a +0 orcbow.
The centaur shoots an arrow.
The arrow closely misses you.
The centaur shoots an arrow.
The arrow hits you!
You die...

## #.# #.#######
#.....c# .# #[....#
.#.# +.....+ #.#.#
#.....# #.#.#
+.....# .#.#.#
#.@...#
.#.#.#.#+.....#
#.#.#.#.#.....#
.#.#.#.#.....##
#.#.#.#.####.##
.#.#.#.#......#.#
.#.#.#.#.#........
.#.#.#.#.#........#
.#.#.#.#.#.#########


You could see a centaur.

Vanquished Creatures
  An adder (D:6)
1 creature vanquished.

Notes
Turn   | Place    | Note
-------+----------+-------------------------------------------
     0 | D:5      | croobank the Octopode Delver began the quest for the Orb.
     0 | D:5      | Reached XP level 1. HP: 16/16 MP: 1/1
     1 | D:6      | Found Tuinytusch's Weapon Shoppe.
     4 | D:6      | Reached XP level 2. HP: 21/21 MP: 2/2
    47 | D:5      | Noticed a centaur
    62 | D:5      | Shot with an arrow by a centaur

Illustrated notes

Levels and vault maps discovered:
D:5:      layout_basic, kennysheep_windowed_goal
D:6:      layout_loops_ring, serial_bayou, serial_bayou_lake_a,
          serial_bayou_pond_d, serial_bayou_shore_a, serial_bayou_pond_b,
          minmay_strange_pillars, nicolae_stop_n_shop_1

Action                     || total
---------------------------++-------
  Melee: Short sword       ||     6
         Tentacles         ||     1
    Use: Scroll            ||     1
   Stab: Sleeping          ||     1
 Armour: Skin              ||     9
  Dodge: Dodged            ||     9

Table legend: (Time is in decaauts)
 A = Elapsed time spent in this place.
 B = Non-inter-level travel time spent in this place.
 C = Inter-level travel time spent in this place.
 D = Time resting spent in this place.
 E = Time spent auto-exploring this place.
 F = Levels seen in this place.
 G = Mean time per level.
                   A        B        C        D        E       F      G
               +--------+--------+--------+--------+--------+-----+--------+
         Total |     61 |     61 |      0 |      0 |     20 |   2 |   30.5 |
       Dungeon |     61 |     61 |      0 |      0 |     20 |   2 |   30.5 |
               +--------+--------+--------+--------+--------+-----+--------+

Top non-repeatable levels by time:
     D:5: 37 daAuts
     D:6: 24 daAuts
